 Dungeon Crawl Stone Soup version 0.26-a0-812-g31a745ddcd (webtiles) character file.

Game seed: 6441513860685169311

4037 kae the Insei (level 10, 0/64 HPs)
             Began as a Tengu Transmuter on Nov 19, 2020.
             Was a Follower of Hepliaklqana.
             Killed from afar by an electric eel (16 damage)
             ... with a bolt of electricity
             ... on level 8 of the Dungeon.
             The game lasted 00:09:01 (11067 turns).

kae the Insei (Tengu Transmuter)                   Turns: 11067, Time: 00:09:02

Health: 0/64       AC:  6    Str: 13    XL:     10   Next: 24%
Magic:  15/15      EV: 14    Int: 14    God:    Hepliaklqana [*.....]
Gold:   335        SH:  0    Dex: 15    Spells: 2/15 levels left

rFire    x . .     SeeInvis .     - Unarmed
rCold    + + +     Faith    .   (shield currently unavailable)
rNeg     . . .     Spirit   .   (armour currently unavailable)
rPois    +         Reflect  .   (helmet currently unavailable)
rElec    .         Harm     .   (cloak currently unavailable)
rCorr    .         Rampage  .   (gloves currently unavailable)
MR       .....                  (boots unavailable)
Stlth    +.........             (no amulet)
HPRegen  0.20/turn              y - ring of poison resistance
MPRegen  0.14/turn              (no ring)

@: ice-form, flying quickly and evasively, quick
A: large, reduced essence, able to fly
a: Stop Flying, End Transformation, Recall Ancestor, Ancestor Identity, Renounce
Religion


You were on level 8 of the Dungeon.
You worshipped Hepliaklqana.
Hepliaklqana was aware of your devotion.
You were a creature of crystalline ice.
You visited 2 branches of the dungeon, and saw 9 of its levels.
You also visited: Ossuary.

You collected 335 gold pieces.

Inventory:

Armour
 a - a cursed +0 pair of gloves (melded)
 b - a cursed +1 cloak (melded)
 B - a +2 robe of magic resistance (melded)
Jewellery
 y - a ring of poison resistance (left front paw)
Wands
 f - a wand of iceblast (18)
Scrolls
 c - 8 scrolls of teleportation
 e - 2 scrolls of identify
 h - 4 scrolls of remove curse
 r - a scroll of enchant armour
 u - a scroll of magic mapping
 x - a scroll of blinking {unknown}
 z - a scroll of noise {unknown}
Potions
 d - 7 potions of heal wounds
 g - 4 potions of attraction
 k - 6 potions of curing
 l - a potion of mutation
 m - a potion of degeneration
 n - 2 potions of lignification
 o - a potion of haste
 p - 2 potions of flight
 q - 2 potions of ambrosia
 t - 3 potions of cancellation
 v - a potion of invisibility
 w - 2 potions of brilliance {unknown}
 A - 2 potions of might {unknown}


   Skills:
 + Level 6.0 Fighting
 + Level 4.6 Armour
 + Level 4.0 Dodging
 + Level 7.4 Unarmed Combat
 - Level 3.0 Spellcasting
 * Level 7.4 Transmutations
 * Level 3.9 Ice Magic
 - Level 2.0 Poison Magic


You had 2 spell levels left.
You knew the following spells:

 Your Spells              Type           Power        Failure   Level
a - Beastly Appendage     Tmut           ###...       1%          1
b - Spider Form           Tmut/Pois      ###.......   10%         3
c - Blade Hands           Tmut           ###.......   28%         5
d - Ice Form              Ice/Tmut       ###.....     21%         4

Your spell library contained the following spells:

 Spells                   Type           Power        Failure   Level
 Wereblood                Tmut           ###.....     1%          2
 Summon Small Mammal      Summ           #...         22%         1
 Call Imp                 Summ           #.......     32%         2
 Call Canine Familiar     Summ           #.......     54%         3
 Summon Guardian Golem    Hex/Summ       #.......     54%         3
 Summon Ice Beast         Ice/Summ       #.......     67%         4
 Summon Lightning Spire   Summ/Air       #.......     91%         4


Dungeon Overview and Level Annotations

Branches:
Dungeon (8/15)             Temple (1/1) D:6            Lair (0/6) D:8
Ossuary (visited)

Altars:
Ashenzari
Cheibriados
Dithmenos
Elyvilon
Fedhas
Gozag
Hepliaklqana
Makhleb
Nemelex Xobeh
Okawaru
Qazlal
Ru
Sif Muna
Trog
Uskayaw
Vehumet
Wu Jian
Xom
Yredelemnul
Zin
The Shining One

Shops:
D:6 (   D:7 *

Annotations:
D:8 3 runed translucent doors, FrothyCoffee's ghost, novice NaVM


Innate Abilities, Weirdness & Mutations

((You have a beak for a mouth.))
((You have claws for feet.))
You can fly continuously.
Your life essence is reduced to manifest your ancestor. (-10% HP)


Message History

You are too injured to fight recklessly!
You are too injured to fight recklessly!
You are too injured to fight recklessly!
You are too injured to fight recklessly!
The electric eel shoots out a bolt of lightning at you!
The bolt of electricity hits you!
You punch the electric eel! You freeze the electric eel.
The electric eel is severely wounded.
The electric eel shoots out a bolt of lightning at you!
The bolt of electricity hits you!
* * * LOW HITPOINT WARNING * * *
Udjahorresnet closely misses the electric eel.
You hit the electric eel but do no damage.
The electric eel is severely wounded.
You completely miss the electric eel.
The electric eel is severely wounded.
Udjahorresnet closely misses the electric eel.
The electric eel shoots out a bolt of lightning at you!
The bolt of electricity hits you!
You die...

.....≈...)......#
......≈.†...≈...#
≈..≈≈≈≈≈≈.$≈....#
≈≈≈≈≈≈≈≈≈≈≈≈....#
≈≈≈≈≈≈.≈≈≈≈.≈...#
≈≈≈...≈..≈≈≈....####
≈≈.≈≈...≈≈≈.≈≈.....)
......>..≈≈≈≈....###
≈≈.....≈≈≈RY≈...#
≈≈≈.≈≈≈;....#
≈≈≈≈≈≈≈....##
≈≈≈≈≈≈≈≈...#
≈≈≈≈≈......#
≈≈≈≈≈.≈....#
≈≈≈≈≈......#
........####


You could see the friendly Udjahorresnet the ancestor and an electric eel.

Vanquished Creatures
  A troll (D:7)
  Prince Ribbit (D:5)
  Eustachio (D:5)
  A sky beast (D:8)
  An ice beast (D:7)
  A black bear (D:6)
  3 phantoms
  4 centaurs
  5 wolves (D:7)
  5 ogres
  2 bullfrogs
  2 scorpions
  A howler monkey (D:7)
  2 centaur zombies
  3 bullfrog zombies
  4 hounds
  A jelly (D:6)
  An orc priest (D:8)
  12 mummies (Ossuary)
  2 orc wizards
  A centaur skeleton (D:6)
  A bullfrog skeleton (D:8)
  Jessica (D:7)
  Natasha (thrice) (D:4)
  2 iguanas
  8 worker ants
  A killer bee zombie (Ossuary)
  A hound zombie (D:5)
  A hound skeleton (D:5)
  8 gnolls
  3 worker ant zombies (Ossuary)
  6 adders
  A white imp (D:6)
  2 shadow imps
  6 oozes (D:1)
  2 adder zombies
  A worm (D:1)
  3 dart slugs
  A leopard gecko (D:4)
  9 orcs
  4 bats
  8 giant cockroaches
  2 goblins (D:2)
  7 hobgoblins
  3 jackals
  A quokka (D:2)
  3 frilled lizards
  A giant cockroach zombie (Ossuary)
  2 jackal zombies (Ossuary)
  A kobold (D:1)
  A leopard gecko skeleton (D:5)
  A leopard gecko zombie (Ossuary)
  A quokka skeleton (D:8)
  A quokka zombie (D:5)
  7 rats
157 creatures vanquished.

Vanquished Creatures (collateral kills)
  A necrophage (D:7)
  An electric eel (D:8)
  A howler monkey (D:7)
  An orc (D:8)
4 creatures vanquished.

Vanquished Creatures (others)
  3 orcs (D:8)
  14 withered plants (Ossuary)
17 creatures vanquished.

Grand Total: 178 creatures vanquished

Notes
Turn   | Place    | Note
-------+----------+-------------------------------------------
     0 | D:1      | kae the Tengu Transmuter began the quest for the Orb.
     0 | D:1      | Reached XP level 1. HP: 12/12 MP: 4/4
     1 | D:1      | Found a runed translucent door.
   474 | D:1      | Found a broken altar of Ashenzari.
   483 | D:1      | Reached XP level 2. HP: 16/16 MP: 4/6
  1380 | D:2      | Found a glowing silver altar of Zin.
  1628 | D:2      | Reached XP level 3. HP: 18/20 MP: 7/7
  1633 | D:2      | Learned a level 3 spell: Spider Form
  1730 | D:2      | Found an ornate altar of the Wu Jian Council.
  2490 | D:1      | Reached XP level 4. HP: 26/26 MP: 5/8
  2827 | D:3      | Reached skill level 1 in Armour
  3068 | D:3      | Gained mutation: You can fly continuously. [Tengu growth]
  3068 | D:3      | Reached XP level 5. HP: 30/30 MP: 6/10
  3614 | D:4      | Noticed an ogre
  3626 | D:4      | Killed an ogre
  3626 | D:4      | Reached skill level 1 in Poison Magic
  3626 | D:4      | Reached XP level 6. HP: 21/36 MP: 8/11
  3945 | D:4      | Noticed Natasha
  3951 | D:4      | Killed Natasha
  4196 | D:4      | Noticed Natasha
  4207 | D:4      | Killed Natasha
  4382 | D:4      | Found a white marble altar of Elyvilon.
  4438 | D:4      | Found a stormy altar of Qazlal.
  4472 | D:4      | Found a snail-covered altar of Cheibriados.
  4570 | D:4      | Noticed Natasha
  4584 | D:4      | Killed Natasha
  4761 | D:5      | Entered Level 5 of the Dungeon
  4830 | D:5      | Reached XP level 7. HP: 27/40 MP: 6/12
  4940 | D:5      | Noticed Prince Ribbit
  4954 | D:5      | Killed Prince Ribbit
  4982 | D:5      | Reached skill level 5 in Unarmed Combat
  4998 | D:5      | Reached XP level 8. HP: 34/48 MP: 6/13
  5118 | D:5      | Reached skill level 5 in Transmutations
  5158 | D:5      | Noticed Eustachio
  5176 | D:5      | Killed Eustachio
  5213 | D:5      | Found a sand-covered staircase.
  5236 | Ossuary  | Entered an ossuary
  6401 | D:5      | Reached skill level 5 in Fighting
  6401 | D:5      | Reached XP level 9. HP: 40/54 MP: 11/14
  7052 | D:6      | Learned a level 5 spell: Blade Hands
  7057 | D:6      | Learned a level 4 spell: Ice Form
  7335 | D:6      | Reached skill level 1 in Ice Magic
  7534 | D:6      | Found a staircase to the Ecumenical Temple.
  7652 | Temple   | Entered the Ecumenical Temple
  7907 | Temple   | Became a worshipper of Hepliaklqana the Forgotten
  8167 | D:6      | Found a burning altar of Makhleb.
  8654 | D:6      | Found Possif's Weapon Shop.
  8885 | D:7      | Found Kaplavosy's Lightly-Used Armoury.
  9444 | D:7      | Reached * piety under Hepliaklqana
  9647 | D:7      | Noticed Jessica
  9653 | D:7      | Killed Jessica
  9674 | D:7      | Found a shimmering blue altar of Sif Muna.
  9915 | D:8      | Found a hide-covered altar of Uskayaw.
 10010 | D:8      | Found a runed translucent gate.
 10011 | D:8      | Found a runed translucent gate.
 10012 | D:8      | Found a runed translucent gate.
 10014 | D:8      | Noticed FrothyCoffee's ghost (novice NaVM)
 10132 | D:8      | Found a staircase to the Lair.
 10133 | D:8      | Noticed a troll
 10196 | D:7      | Reached XP level 10. HP: 47/54 MP: 12/15
 11067 | D:8      | Killed from afar by an electric eel

Illustrated notes

Levels and vault maps discovered:
D:1:      dpeg_arrival_caged_fury, layout_loops_corners, roderic_lattice_a,
          corexii_hall_statues_l, evilmike_ruin_ashenzari
D:2:      layout_loops_cross, lemuel_round_altar, lemuel_round_altar
D:3:      layout_basic
D:4:      layout_basic, lemuel_doored_altar, old_standard_altar,
          kennysheep_mini_moat, uniq_natasha
D:5:      layout_basic, nicolae_ossuary_entry_false_entrances,
          uniq_prince_ribbit1, uniq_eustachio
D:6:      layout_loops_ring, marbit_many_paths, minmay_temple_entry_poolview,
          serial_shops, nicolae_shop_behind_doors, nicolae_underground_beach
D:7:      layout_rooms, tgw_sif, minmay_shop_damaged
D:8:      layout_basic, kennysheep_little_box, erik_lair_island,
          serial_corexii_hall, corexii_hall_statues_x,
          chequers_hall_statues_wall_a, corexii_hall_statues_l,
          ebering_ghost_rock_garden
Temple:   oiseaux_autumnal_temple

Skill      XL: |  1  2  3  4  5  6  7  8  9 10 |
---------------+-------------------------------+-----
Transmutations | 2 3 4 6 7 |  7.4
Fighting       | 2 3 5 6 |  6.0
Armour         | 1 2 3 4 |  4.6
Unarmed Combat | 4 5 6 7 |  7.4
Spellcasting   | 3 |  3.0
Poison Magic   | 1 2 |  2.0
Ice Magic      | 3 |  3.9
Dodging        | 3 4 |  4.0

Action                   |  1- 3 |  4- 6 |  7- 9 | 10-12 || total
-------------------------+-------+-------+-------+-------++-------
Melee: Unarmed           |    68 |   126 |   346 |    48 ||   588
       Kick              |    17 |    19 |    20 |     2 ||    58
       Peck              |     6 |    13 |    16 |     3 ||    38
       Headbutt          |     1 |     4 |     3 |       ||     8
       Punch             |       |     2 |     2 |       ||     4
 Cast: Beastly Appendage |    17 |    11 |     4 |       ||    32
       Spider Form       |     1 |     8 |    45 |     1 ||    55
       Ice Form          |       |       |       |     4 ||     4
Invok: Recall Ancestor   |       |       |     3 |     1 ||     4
 Abil: Fly               |       |     1 |       |       ||     1
  Use: Scroll            |       |    10 |     9 |     1 ||    20
       Potion            |       |     1 |     2 |     1 ||     4
 Stab: Sleeping          |       |     1 |     1 |       ||     2
Armor: Robe              |    12 |    11 |    13 |     1 ||    37
       Skin              |     1 |     1 |     4 |    13 ||    19
Dodge: Dodged            |    50 |    98 |   269 |    81 ||   498

Table legend: (Time is in decaauts)
 A = Elapsed time spent in this place.
 B = Non-inter-level travel time spent in this place.
 C = Inter-level travel time spent in this place.
 D = Time resting spent in this place.
 E = Time spent auto-exploring this place.
 F = Levels seen in this place.
 G = Mean time per level.
                   A        B        C        D        E       F      G
               +--------+--------+--------+--------+--------+-----+--------+
         Total |  10663 |  10299 |    364 |   2017 |   6611 |  10 | 1066.3 |
       Dungeon |   9308 |   8979 |    329 |   1315 |   6228 |   8 | 1163.5 |
        Temple |    244 |    210 |     34 |      0 |    207 |   1 |  244.0 |
       Ossuary |   1110 |   1110 |      0 |    701 |    174 |   1 | 1110.0 |
               +--------+--------+--------+--------+--------+-----+--------+

Top non-repeatable levels by time:
     D:6: 1692 daAuts
     D:1: 1584 daAuts
     D:7: 1573 daAuts
     D:2: 1278 daAuts
     D:4: 1177 daAuts
 Ossuary: 1110 daAuts
     D:5: 1054 daAuts
     D:3: 618 daAuts
     D:8: 330 daAuts
  Temple: 244 daAuts
